 Dungeon Crawl Stone Soup version 0.26-a0-935-g3624241d3c (console) character file.

Game seed: 928620124871973085

54611 jejorda2 the Bludgeoner (level 15, -7/106 HPs)
             Began as a Human Berserker on Nov 26, 2020.
             Was a High Priest of Trog.
             Mangled by a sea snake (15 damage)
             ... on level 6 of the Lair of Beasts.
             The game lasted 00:49:30 (25885 turns).

jejorda2 the Bludgeoner (Human Berserker)          Turns: 25885, Time: 00:49:31

Health: -7/106     AC: 24    Str: 24    XL:     15   Next: 14%
Magic:  15/15      EV:  8    Int:  8    God:    Trog [*****.]
Gold:   1222       SH: 14    Dex: 12    Spells: 14/14 levels left

rFire    . . .     SeeInvis +   a - +0 morningstar (flame)
rCold    . . .     Faith    +   s - +0 kite shield
rNeg     . . .     Spirit   .   e - +0 plate armour
rPois    .         Reflect  .   l - +0 hat {SInv}
rElec    .         Harm     .   y - +0 cloak
rCorr    .         Rampage  .   j - +2 pair of gloves
MR       +....                  (no boots)
Stlth    ..........             n - amulet of faith
HPRegen  0.27/turn              b - +4 ring of protection
MPRegen  0.14/turn              O - ring of Zoqicliq {SInv Stlth+}

@: lethally poisoned (-7 -> -52), studying Armour
A: no striking features
a: Berserk, Trog's Hand, Brothers in Arms, Renounce Religion


You were on level 6 of the Lair of Beasts.
You worshipped Trog.
Trog was extremely pleased with you.
You visited 2 branches of the dungeon, and saw 17 of its levels.
You also visited: Ice Cave.

You collected 1222 gold pieces.

Inventory:

Hand Weapons
 a - a +0 morningstar of flaming (weapon)
 G - a +2 antimagic flail
Missiles
 c - 68 poisoned darts (quivered)
 i - 521 stones
 B - 11 javelins
 E - 9 curare-tipped darts
Armour
 e - a +0 plate armour (worn)
 j - a +2 pair of gloves (worn)
 l - a +0 hat of see invisible (worn)
 s - a +0 kite shield (worn)
 y - a +0 cloak (worn)
Jewellery
 b - a +4 ring of protection (left hand)
 n - an amulet of faith (around neck)
 v - an uncursed ring of fire
 O - the ring of Zoqicliq (right hand) {SInv Stlth+}
   (You found it on level 5 of the Lair of Beasts)

   [ring of stealth]

   It lets you see invisible.
   It makes you more stealthy.
Wands
 f - a wand of iceblast (18)
 u - a wand of flame (20)
 C - a wand of paralysis (10)
 H - a wand of acid (10)
 I - a wand of random effects (22)
 K - a wand of disintegration (13)
Scrolls
 d - 4 scrolls of enchant armour
 h - 5 scrolls of teleportation
 p - a scroll of fear
 r - 12 scrolls of remove curse
 w - 2 scrolls of fog
 z - 4 scrolls of enchant weapon
 F - 10 scrolls of identify
 P - a scroll of brand weapon
Potions
 g - 3 potions of mutation
 k - a potion of magic
 m - 3 potions of invisibility
 o - 6 potions of flight
 q - 3 potions of might
 t - a potion of resistance
 x - a potion of attraction
 A - a potion of haste
 D - 3 potions of curing
 J - 9 potions of ambrosia {ambrosia, unknown}
 M - 2 potions of heal wounds
Books
 N - a manual of Armour
Miscellaneous
 L - a lightning rod (4/4)


   Skills:
 - Level 6.4 Fighting
 - Level 16.0 Maces & Flails
 + Level 11.8 Armour
 - Level 2.0 Dodging
 - Level 15.0 Shields
 + Level 4.2 Evocations


You had 14 spell levels left.
You didn't know any spells.
Your spell library was empty.

Dungeon Overview and Level Annotations

Branches:
Dungeon (11/15)            Temple (0/1) D:6            Lair (6/6) D:11
  Swamp (0/4) Lair:2        Snake (0/4) Lair:2        Slime (0/5) Lair:5
    Orc (0/2) D:9           IceCv (visited)

Altars:
Dithmenos
Elyvilon
Kikubaaqudgha
Makhleb
Ru
Sif Muna
Trog
Zin

Shops:
D:4 }   D:5 *


Message History

You completely miss the sea snake.
The sea snake is severely wounded.
You feel sick.
You closely miss the sea snake.
The sea snake is severely wounded.
You feel sick. The sea snake bites you.
* * * LOW HITPOINT WARNING * * *
You are more poisoned.
The sea snake poisons you!
You miss the sea snake.
The sea snake is severely wounded.
* * * LOW HITPOINT WARNING * * *
You feel very sick.
The sea snake bites you but does no damage.
You closely miss the sea snake.
The sea snake is severely wounded.
* * * LOW HITPOINT WARNING * * *
You feel very sick. The sea snake bites you!
You die...

...# .....#............. ♣...♣...
...# .....##..........#.$........
...###.................P.≈.......
.... #....#.......≈≈.≈P.≈≈≈....≈.
.P.# #............≈..≈≈##≈P##≈≈##
...###............≈#.≈P.#≈ ..
P..P##.........††.≈≈≈≈≈≈≈≈ ≈≈F
†...†....#.#......≈≈≈≈≈# ≈.#
....##...##...†.@S"##≈≈# ≈≈
....#.....##........# ≈#
...##....#†........≈≈≈≈#
...≈##....#........≈≈≈≈#
...≈##...##.......≈#.≈≈#
..≈≈≈#....##......≈##≈≈#
..#≈≈##...##.......≈≈≈≈#
..##≈≈#... #)......≈≈≈≈#
...#≈≈#.. .......≈.


You could see a sea snake.

Vanquished Creatures
  Gastronok (D:8)
  A frost giant (IceCv)
  A dire elephant (Lair:4)
  4 hydras
  A death yak (IceCv)
  Sonja (D:10)
  A sea snake (Lair:6)
  A lindwurm (Lair:6)
  Pikel (D:8)
  An oklob plant (Lair:2)
  18 elephants
  Joseph (D:8)
  A manticore (Lair:6)
  An ice statue (IceCv)
  A centaur zombie (D:10)
  A torpor snail (Lair:6)
  A gargoyle (D:10)
  13 cane toads
  3 black mambas
  Maggie (D:7)
  6 rime drakes
  6 komodo dragons
  2 trolls (D:11)
  12 polar bears (IceCv)
  Prince Ribbit (D:8)
  A queen bee (Lair:3)
  4 hornets
  Grinder (D:6)
  21 blink frogs
  2 slime creatures (Lair:5)
  Sigmund (D:2)
  A vampire (D:11)
  3 wyverns
  51 yaks
  3 basilisks
  4 nagas (Lair:2)
  2 swamp worms (Lair:2)
  12 water moccasins
  6 orc warriors
  2 ice beasts
  4 ogres
  25 wolves
  5 centaurs
  A lemure (D:8)
  3 big kobolds
  15 bullfrogs
  3 scorpions
  25 killer bees
  7 wights
  3 electric eels
  4 howler monkeys
  5 jellies
  5 hounds
  4 orc wizards
  3 bullfrog skeletons
  5 orc priests
  3 centaur skeletons
  Jessica (D:2)
  2 iguanas
  12 worker ants
  5 hell rats (Lair:3)
  A hound zombie (D:5)
  3 hound skeletons
  A worker ant zombie (D:8)
  A howler monkey skeleton (D:7)
  4 gnolls (D:3)
  13 adders
  A shadow imp (D:8)
  3 white imps (D:11)
  2 ufetubi (D:6)
  2 oozes
  3 worms
  5 dart slugs
  2 leopard geckos
  38 orcs
  8 bats
  3 giant cockroaches
  4 goblins
  8 hobgoblins
  10 jackals
  2 quokkas
  A ball python (D:5)
  3 frilled lizards
  18 kobolds
  7 rats
478 creatures vanquished.

Vanquished Creatures (collateral kills)
  A hydra (D:11)
  A cane toad (Lair:1)
  An efreet (D:11)
  A komodo dragon (Lair:1)
  10 yaks
  5 centaurs (D:11)
  3 wolves (D:11)
  4 killer bees (Lair:3)
  2 wights (D:11)
  An electric eel (D:11)
  A jelly (D:11)
  2 hounds (D:11)
  9 white imps (D:11)
41 creatures vanquished.

Vanquished Creatures (others)
  A wizard (D:11)
  A sky beast (D:7)
  38 fungi
  94 plants
134 creatures vanquished.

Grand Total: 653 creatures vanquished

Notes
Turn   | Place    | Note
-------+----------+-------------------------------------------
     0 | D:1      | jejorda2 the Human Berserker began the quest for the Orb.
     0 | D:1      | Reached XP level 1. HP: 18/18 MP: 1/1
   248 | D:1      | Reached XP level 2. HP: 24/24 MP: 2/2
   430 | D:1      | Reached XP level 3. HP: 28/29 MP: 3/3
   937 | D:2      | Noticed Jessica
   951 | D:2      | Killed Jessica
   952 | D:2      | Reached XP level 4. HP: 19/35 MP: 4/4
  1137 | D:2      | Reached ** piety under Trog
  1138 | D:2      | Reached skill level 4 in Maces & Flails
  1398 | D:2      | Reached XP level 5. HP: 28/42 MP: 5/5
  2043 | D:2      | Noticed Sigmund
  2058 | D:2      | Killed Sigmund
  2059 | D:2      | Reached skill level 5 in Maces & Flails
  2059 | D:2      | Reached XP level 6. HP: 48/48 MP: 6/6
  2471 | D:3      | Found a faded altar of an unknown god.
  2797 | D:3      | Reached *** piety under Trog
  2801 | D:3      | Reached XP level 7. HP: 55/55 MP: 7/7
  3257 | D:4      | Reached skill level 6 in Maces & Flails
  3899 | D:4      | Found Weydoa's Gadget Emporium.
  4137 | D:4      | Found an ancient bone altar of Kikubaaqudgha.
  4140 | D:4      | Found a burning altar of Makhleb.
  4148 | D:4      | Found a sacrificial altar of Ru.
  4151 | D:4      | Found a shimmering blue altar of Sif Muna.
  4413 | D:4      | Reached skill level 5 in Fighting
  4413 | D:4      | Reached XP level 8. HP: 55/62 MP: 8/8
  4969 | D:5      | Entered Level 5 of the Dungeon
  5015 | D:5      | Reached skill level 7 in Maces & Flails
  5028 | D:5      | Found Zin's Purification Station.
  5036 | D:5      | Found a glowing silver altar of Zin.
  5280 | D:5      | Found a shadowy altar of Dithmenos.
  5342 | D:5      | Reached skill level 5 in Armour
  5691 | D:6      | Noticed Grinder
  5703 | D:6      | Killed Grinder
  5704 | D:6      | Reached skill level 8 in Maces & Flails
  5828 | D:6      | Found a staircase to the Ecumenical Temple.
  6535 | D:7      | Noticed Maggie
  6550 | D:7      | Killed Maggie
  6551 | D:7      | Reached skill level 9 in Maces & Flails
  6551 | D:7      | Reached XP level 9. HP: 68/68 MP: 9/9
  6825 | D:7      | Reached skill level 10 in Maces & Flails
  6845 | D:7      | Reached **** piety under Trog
  7210 | D:8      | Noticed Pikel
  7243 | D:8      | Killed Pikel
  7294 | D:8      | Noticed Gastronok
  7313 | D:8      | Noticed Prince Ribbit
  7317 | D:8      | Killed Gastronok
  7318 | D:8      | Reached skill level 12 in Maces & Flails
  7318 | D:8      | Reached XP level 10. HP: 19/74 MP: 10/10
  7321 | D:8      | Reached skill level 13 in Maces & Flails
  7329 | D:8      | Killed Prince Ribbit
  7518 | D:8      | Noticed Joseph
  7542 | D:8      | Killed Joseph
  7751 | D:8      | Reached skill level 1 in Evocations
  8246 | D:8      | Reached ***** piety under Trog
  8247 | D:8      | Reached XP level 11. HP: 76/80 MP: 11/11
  8743 | D:9      | Found a staircase to the Orcish Mines.
  9111 | D:8      | Reached skill level 1 in Shields
  9435 | D:9      | Found a white marble altar of Elyvilon.
  9480 | D:9      | Reached skill level 14 in Maces & Flails
  9846 | D:10     | Entered Level 10 of the Dungeon
 10188 | D:10     | Reached skill level 5 in Shields
 10571 | D:10     | Noticed Sonja
 10579 | D:10     | Killed Sonja
 10937 | D:11     | Noticed a five-headed hydra
 10943 | D:11     | Killed a four-headed hydra
 10997 | D:11     | Reached XP level 12. HP: 74/86 MP: 12/12
 11000 | D:11     | Received a gift from Trog
 11086 | D:11     | Found a bloodstained altar of Trog.
 11148 | D:11     | Found a staircase to the Lair.
 11172 | D:11     | HP: 3/86 [electric eel/bolt of electricity (9)]
 11238 | D:11     | Found a frozen archway.
 11257 | IceCv    | Entered an ice cave
 11780 | IceCv    | Received a gift from Trog
 12190 | IceCv    | Reached skill level 10 in Shields
 12466 | IceCv    | Reached skill level 15 in Maces & Flails
 12680 | IceCv    | Noticed a death yak
 12729 | IceCv    | Killed a death yak
 12734 | IceCv    | Reached XP level 13. HP: 85/92 MP: 13/13
 12910 | IceCv    | Noticed a frost giant
 12935 | IceCv    | Killed a frost giant
 14135 | Lair:1   | Entered Level 1 of the Lair of Beasts
 14136 | Lair:1   | Noticed a seven-headed hydra
 14148 | Lair:1   | Killed a seven-headed hydra
 15093 | Lair:1   | You fall into a shaft and drop 1 floor!
 15221 | Lair:1   | Reached skill level 16 in Maces & Flails
 16223 | Lair:2   | Found a staircase to the Snake Pit.
 16750 | Lair:2   | Found a staircase to the Swamp.
 17639 | Lair:3   | Received a gift from Trog
 18522 | Lair:3   | Identified a scroll of acquirement
 18522 | Lair:3   | Acquired a manual of Armour
 18824 | Lair:3   | Reached XP level 14. HP: 30/101 MP: 14/14
 20567 | Lair:4   | Noticed a dire elephant
 20594 | Lair:4   | Killed a dire elephant
 22557 | Lair:5   | Got a warped granite ring
 22558 | Lair:5   | Identified the ring of Zoqicliq {SInv Stlth+} (You found it
                  | on level 5 of the Lair of Beasts)
 22814 | Lair:5   | Reached skill level 10 in Armour
 22943 | Lair:5   | Found a staircase to the Slime Pits.
 23157 | Lair:5   | HP: 5/101 [poisoned by a cane toad]
 23165 | Lair:5   | HP: 5/101 [poisoned by a cane toad]
 23895 | Lair:6   | Entered Level 6 of the Lair of Beasts
 23913 | Lair:5   | Paralysed by a hornet for 2 turns
 25423 | Lair:6   | Reached skill level 15 in Shields
 25434 | Lair:6   | Reached XP level 15. HP: 56/106 MP: 15/15
 25885 | Lair:6   | Mangled by a sea snake

Illustrated notes

Levels and vault maps discovered:
D:1:      dpeg_arrival_arbitrary_b, layout_loops_ring
D:2:      layout_loops_ring, uniq_sigmund, uniq_jessica
D:3:      layout_loops_ring, chequers_ecumenical_altar_simple_redux,
          wander_ebering_terrifying_dragon_lair
D:4:      layout_basic, grunt_temple_overflow_cloverleaf, serial_shops,
          nicolae_shop_behind_doors, small_statue_alley_b
D:5:      layout_basic, zin_purify, basic_altar
D:6:      layout_cave_pools, minmay_temple_entry_junction_2,
          serial_co_window_serial, co_window_paths_a, co_window_paths_b,
          co_window_paths_a, co_window_paths_b, co_window_corner_a,
          co_window_paths_b, co_window_broadway_c, co_window_broadway_c,
          co_window_2corner, co_window_corner_cb, co_window_broadway_b,
          co_window_unsneaky_path_c, glass_columns_b, glass_columns_a,
          glass_columns_b, glass_columns_a, glass_columns_c, uniq_grinder
D:7:      layout_rooms, uniq_maggie
D:8:      layout_basic, special_room [special_room_orc], uniq_joseph,
          uniq_prince_ribbit1, uniq_pikel, uniq_gastronok
D:9:      layout_cross, elyvilon_altar_5, orc_0_dummy
D:10:     layout_loops_ring, uniq_sonja
D:11:     layout_cave_pools, erik_lair_island, portal_ice_cave_entry_imps,
          trog_wizard
Lair:1:   layout_regular_city, serial_bayou_shore_a
Lair:2:   layout_gridlike, minmay_swamp_entry_worms,
          minmay_snake_entry_guardpost_medium, minmay_lair_oklob_chamber
Lair:3:   layout_roguey [special_room_bee], minivault_24, lemuel_fruit_tree
Lair:4:   beast_lair_carwin_large_1, layout_loops_ring, minivault_27,
          grunt_megastairs_3
Lair:5:   layout_loops_ring, minmay_slime_entry_pillars, grunt_megastairs_5
Lair:6:   gammafunk_lair_ancient_temple, layout_long_grid,
          grunt_forest_stairs_basic, minivault_11, serial_bayou_ford_a,
          chequers_serial_rivers_large_b

Skill      XL: |  1  2  3  4  5  6  7  8  9 10 11 12 13 14 15 |
---------------+----------------------------------------------+-----
Maces & Flails | 4 5 6 9 12 13 14 15 16 | 16.0
Armour         | 3 4 5 6 11 | 11.8
Fighting       | 4 5 6 |  6.4
Evocations     | 1 3 4 |  4.2
Shields        | 7 10 12 15 | 15.0
Dodging        | |  2.0

Action                   |  1- 3 |  4- 6 |  7- 9 | 10-12 | 13-15 || total
-------------------------+-------+-------+-------+-------+-------++-------
Melee: Mace              |    61 |   191 |    77 |       |       ||   329
       Flail             |       |       |   244 |   231 |       ||   475
       Dire flail        |       |       |       |   350 |       ||   350
       Morningstar       |       |       |       |   258 |  1193 ||  1451
Throw: Dart              |       |       |     6 |     1 |   160 ||   167
Invok: Berserk           |       |     2 |     5 |     4 |    11 ||    22
       Trog's Hand       |       |     1 |     3 |     9 |     7 ||    20
       Brothers in Arms  |       |       |       |     3 |     6 ||     9
Evoke: Wand              |       |       |       |       |     9 ||     9
  Use: Scroll            |       |       |    22 |     4 |     4 ||    30
       Potion            |       |       |       |     4 |     4 ||     8
 Stab: Paralysed         |       |       |       |       |     5 ||     5
Armor: Leather armour    |     3 |       |       |       |       ||     3
       Chain mail        |    29 |   106 |   179 |   103 |       ||   417
       Animal skin       |     1 |       |       |       |       ||     1
       Plate armour      |       |       |       |   433 |   576 ||  1009
       Skin              |       |       |       |       |    21 ||    21
Dodge: Dodged            |    24 |   103 |   136 |   256 |   258 ||   777
Block: Kite shield       |       |       |       |   145 |   849 ||   994

Table legend: (Time is in decaauts)
 A = Elapsed time spent in this place.
 B = Non-inter-level travel time spent in this place.
 C = Inter-level travel time spent in this place.
 D = Time resting spent in this place.
 E = Time spent auto-exploring this place.
 F = Levels seen in this place.
 G = Mean time per level.
                   A        B        C        D        E       F      G
               +--------+--------+--------+--------+--------+-----+--------+
         Total |  25577 |  24965 |    612 |   2337 |  18188 |  18 | 1420.9 |
       Dungeon |  11842 |  11450 |    392 |    482 |   8794 |  11 | 1076.5 |
          Lair |  11408 |  11188 |    220 |   1086 |   8354 |   6 | 1901.3 |
      Ice Cave |   2326 |   2326 |      0 |    768 |   1039 |   1 | 2326.0 |
               +--------+--------+--------+--------+--------+-----+--------+

Top non-repeatable levels by time:
  Lair:5: 2843 daAuts
  Lair:4: 2527 daAuts
  Lair:3: 2336 daAuts
   IceCv: 2326 daAuts
  Lair:1: 1798 daAuts
     D:4: 1668 daAuts
     D:8: 1622 daAuts
  Lair:2: 1301 daAuts
     D:2: 1282 daAuts
     D:3: 1190 daAuts
    D:10: 1010 daAuts
     D:7: 992 daAuts
    D:11: 947 daAuts
     D:6: 925 daAuts
     D:1: 923 daAuts
